 Dungeon Crawl Stone Soup version 0.31-a0-844-gdc52ec4e09 (webtiles) character file.

Game seed: 4069222222252035708

1255 Shayle the Trooper (level 8, -2/57 (62) HPs)
             Began as a Demonspawn Reaver on Sept 29, 2023.
             Was an Initiate of Kikubaaqudgha.
             Slain by a wight
             ... wielding a +0 battleaxe
              (5 damage)
             ... on level 6 of the Dungeon.
             The game lasted 00:10:48 (5273 turns).

Shayle the Trooper (Demonspawn Reaver)              Turns: 5273, Time: 00:10:49

HP:   -2/57 (62)    AC:  3    Str: 12    XL:     8   Next: 26%
MP:   15/15         EV: 12    Int: 22    God:    Kikubaaqudgha [......]
Gold: 270           SH:  0    Dex: 11    Spells: 12/16 levels left

rFire   . . .        k - +5 whip (venom)
rCold   . . .        (no shield)
rNeg    . . .        (no body armour)
rPois   .            (no helmet)
rElec   .            (no cloak)
rCorr   .            g - +1 pair of gloves
SInv    .            b - +0 pair of boots
Will    .....        j - amulet of magic regeneration
Stlth   +            (no ring)
HPRegen 0.29/turn    (no ring)
MPRegen 0.54/turn

%: no passive effects
@: mighty, attractive, drained
A: hooves 1, big brain 2, demonic magic 2
a: Renounce Religion


You were on level 6 of the Dungeon.
You worshipped Kikubaaqudgha.
Kikubaaqudgha was noncommittal.
You visited 2 branches of the dungeon, and saw 7 of its levels.

You collected 270 gold pieces.

Inventory:

Hand Weapons
 k - a +5 whip of venom (weapon)
 r - a +3 war axe
Armour
 b - a +0 pair of boots (worn)
 g - a +1 pair of gloves (worn)
 n - a +0 ring mail
 s - +0 steam dragon scales
Jewellery
 i - a ring of ice
 j - an amulet of magic regeneration (around neck)
Scrolls
 d - a scroll of fog
 l - 2 scrolls of vulnerability
 q - a scroll of identify
Potions
 a - a potion of mutation
 c - 3 potions of attraction
 f - a potion of enlightenment


   Skills:
 + Level 5.3 Fighting
 - Level 2.6 Polearms
 + Level 4.3 Armour
 - Level 1.7 Dodging
 + Level 4.9 Spellcasting
 - Level 3.0 Conjurations
 + Level 5.2 Necromancy


You had 12 spell levels left.
You knew the following spells:

 Your Spells              Type           Power      Damage    Failure   Level
a - Kiss of Death         Conj/Necr      92%        2d12      1%          1
b - Vampiric Draining     Necr           28%        2d8       3%          3

Your spell library contained the following spells:

 Spells                   Type           Power      Damage    Failure   Level
 Necrotise                Necr           100%       1d9       1%          1
 Momentum Strike          Conj/Tloc      24%        3d8       9%          2
 Static Discharge         Conj/Air       24%        2-3/arc   9%          2
 Hailstorm                Conj/Ice       12%        3d5       17%         3
 Agony                    Necr           28%        N/A       32%         5
 Airstrike                Air            2%         2d(1-17)  71%         4
 Summon Lightning Spire   Summ/Air       5%         N/A       71%         4


Dungeon Overview and Level Annotations

Branches:
Dungeon (6/15)             Temple (1/1) D:4

Altars:
Fedhas
Gozag
Kikubaaqudgha
Makhleb
Qazlal
Sif Muna
Trog
Uskayaw
Vehumet
Wu Jian
Xom
Yredelemnul

Annotations:
D:3 2 runed translucent doors, GreenGuy14's ghost, amateur FoHu


Innate Abilities, Weirdness & Mutations

You have large cloven feet.
You have an extremely huge brain. (Int +4)
Spells you cast may paralyse nearby enemies.


Message History

It was a scroll of revelation.
Found 8 stones.
As you read the scroll labelled AVAEDAJ VAE, it crumbles to dust.
Your body is wracked with pain!
It was a scroll of torment.
Okay, then.
Okay, then.
It was a potion of attraction.
You feel attractive to monsters. The wight barely misses you.
The wight is attracted toward you. x2
It was a potion of curing.
You feel better. The wight closely misses you.
The wight is attracted toward you.
Okay, then.
It was a potion of heal wounds.
You feel much better. The wight hits you with a +0 battleaxe.
You hit the wight.
The wight is lightly damaged.
The wight completely misses you. The wight closely misses you.
The wight barely misses you.
You hit the wight.
The wight is lightly damaged.
The wight hits you with a +2 falchion of freezing!
You feel drained. The wight freezes you.
The wight hits you with a +0 battleaxe.
You feel drained. The wight hits you with a +1 hand axe!
The wight barely misses you.
The wight hits you with a +2 falchion of freezing!
* * * LOW HITPOINT WARNING * * *
The wight freezes you.
* * * LOW HITPOINT WARNING * * *
The wight misses you.
Okay, then.
It was a potion of might.
You feel very mighty all of a sudden. The wight closely misses you.
The wight hits you with a +1 hand axe.
* * * LOW HITPOINT WARNING * * *
You feel drained. The wight closely misses you.
You hit the wight.
The wight is heavily damaged.
The wight hits you with a +0 battleaxe.
You die...
Kikubaaqudgha rasps: "You have failed me!
Welcome... death!"

****** *,* #.# #.#*,** ,,,,,*
*,#####.######### #.#*,*, ****,*
*,#####.######### #.#*,*, ,*
*,***,#####.######### #.#*,*, ,*
*,,,,*......######### #.#*,*, ,*
*****,#####.############.#*,*, ,*
*,.......########....#*,,, ,*
*,#####.##########...####.
,*******,###...#@z......#........
,,,,,,,,,.##.#.#zz......#...####.
****,,,,,.##.#(#........#.(## *,
*,***,.#....+...#...)'.## *,
**,***,......+....#.†.'..# *,
***,,,**,##h.###.....(..##.# *,
,*,,,,,,,......#........##.# *,
>,,,,,,,*##J...#........##.#####.
*****,,,,,,,*,*###########.......


You could see 3 wights.

Vanquished Creatures
  Sigmund (D:3)
  A steam dragon (D:6)
  2 ice beasts (D:5)
  An ogre (D:3)
  3 scorpions
  A wight (D:6)
  A howler monkey (D:4)
  2 hounds
  3 jellies
  An iguana (D:5)
  An orc wizard (D:3)
  A sleepcap (D:5)
  Terence (D:3)
  8 adders
  2 worms
  4 dart slugs
  10 orcs
  5 ball pythons
  6 bats
  10 endoplasms
  A giant cockroach (D:4)
  7 goblins
  10 hobgoblins
  8 kobolds
  5 quokkas
  4 frilled lizards
99 creatures vanquished.

Notes
Turn   | Place    | Note
-------+----------+-------------------------------------------
     0 | D:1      | Shayle the Demonspawn Reaver began the quest for the Orb.
     0 | D:1      | Reached XP level 1. HP: 16/16 MP: 3/3
   182 | D:1      | Gained mutation: Spells you cast may paralyse adjacent
                  | enemies. [demonic ancestry]
   182 | D:1      | Reached XP level 2. HP: 21/22 MP: 5/5
   299 | D:1      | Reached skill level 1 in Necromancy
   562 | D:1      | Reached skill level 1 in Armour
   741 | D:1      | Gained mutation: You have an unusually large brain. (Int
                  | +2) [demonic ancestry]
   741 | D:1      | Reached XP level 3. HP: 27/28 MP: 6/6
   875 | D:2      | Learned a level 3 spell: Vampiric Draining
  1255 | D:2      | Gained mutation: You have an extremely huge brain. (Int +4)
                  | [demonic ancestry]
  1255 | D:2      | Reached XP level 4. HP: 33/34 MP: 7/7
  2333 | D:3      | Noticed Terence
  2342 | D:3      | Killed Terence
  2403 | D:3      | Gained mutation: You have large cloven feet. [demonic
                  | ancestry]
  2403 | D:3      | Reached XP level 5. HP: 39/41 MP: 9/9
  2544 | D:3      | Noticed an ogre
  2553 | D:3      | Killed an ogre
  2558 | D:3      | Found a runed translucent door.
  2573 | D:3      | Noticed Sigmund
  2585 | D:3      | Killed Sigmund
  2586 | D:3      | Gained mutation: Spells you cast may paralyse nearby
                  | enemies. [demonic ancestry]
  2586 | D:3      | Reached XP level 6. HP: 40/48 MP: 9/11
  2719 | D:3      | Found a runed translucent door.
  2720 | D:3      | Noticed GreenGuy14's ghost (amateur FoHu)
  3065 | D:4      | Reached XP level 7. HP: 54/54 MP: 10/12
  3133 | D:4      | Found a staircase to the Ecumenical Temple.
  3142 | Temple   | Entered the Ecumenical Temple
  3171 | Temple   | Became a worshipper of Kikubaaqudgha
  3498 | D:5      | Entered Level 5 of the Dungeon
  4988 | D:6      | Reached skill level 5 in Fighting
  4988 | D:6      | Reached XP level 8. HP: 62/62 MP: 9/14
  5242 | D:6      | Reached skill level 5 in Necromancy
  5273 | D:6      | Slain by a wight

Illustrated notes

Levels and vault maps discovered:
D:1:      dpeg_arrival_simpleton_a, layout_basic
D:2:      layout_basic
D:3:      layout_loops_ring, ebering_ghost_sewer_f,
          hangedman_decor_clover_reticule, chequers_arboretum, uniq_terence,
          uniq_sigmund
D:4:      layout_rooms, amcnicky_altar_gilded,
          minmay_temple_entry_gardened_gates
D:5:      layout_layer_cave, serial_bayou_ford_a
D:6:      layout_loops_ring, serial_shops, nicolae_shop_overgrown_old_shop,
          kennysheep_generic_room_4
Temple:   compressed_dpeg_triangle_lava_temple

Skill      XL: |  1  2  3  4  5  6  7  8 |
---------------+-------------------------+-----
Necromancy     | 1 2 3 4 5 |  5.2
Armour         | 1 2 3 4 |  4.3
Fighting       | 3 4 5 |  5.3
Spellcasting   | 3 4 |  4.9
Polearms       | |  2.6
Dodging        | |  1.7
Conjurations   | |  3.0

Action                     |  1- 3 |  4- 6 |  7- 9 || total
---------------------------+-------+-------+-------++-------
  Melee: Spear             |   134 |       |       ||   134
         Whip              |    12 |   124 |    79 ||   215
         Punch             |       |     1 |     1 ||     2
   Cast: Vampiric Draining |       |     4 |    16 ||    20
    Use: Scroll            |       |     8 |     5 ||    13
         Potion            |       |       |     4 ||     4
   Stab: Sleeping          |     1 |       |       ||     1
         Paralysed         |       |     2 |    18 ||    20
 Armour: Leather armour    |    73 |    11 |       ||    84
         Ring mail         |       |    71 |    48 ||   119
         Skin              |       |       |     7 ||     7
  Dodge: Dodged            |    67 |    62 |    41 ||   170

Table legend: (Time is in decaauts)
 A = Elapsed time spent in this place.
 B = Non-inter-level travel time spent in this place.
 C = Inter-level travel time spent in this place.
 D = Time resting spent in this place.
 E = Time spent auto-exploring this place.
 F = Levels seen in this place.
 G = Mean time per level.
                   A        B        C        D        E       F      G
               +--------+--------+--------+--------+--------+-----+--------+
         Total |   5292 |   5123 |    169 |    181 |   3934 |   7 |  756.0 |
       Dungeon |   5253 |   5084 |    169 |    181 |   3934 |   6 |  875.5 |
        Temple |     38 |     38 |      0 |      0 |      0 |   1 |   38.0 |
               +--------+--------+--------+--------+--------+-----+--------+

Top non-repeatable levels by time:
     D:5: 1486 daAuts
     D:2: 1216 daAuts
     D:1: 867 daAuts
     D:3: 851 daAuts
     D:4: 536 daAuts
     D:6: 296 daAuts
  Temple: 38 daAuts
